[Event "10th Iberoamericano-ch 2024"]
[Site "Linares"]
[Date "2024.10.01"]
[Round "9.1"]
[White "Pichot, Alan"]
[Black "Garcia Ramos, Daniel"]
[Result "1-0"]
[Annotator "TA"]
[ECO "B12"]
[WhiteElo "2644"]
[BlackElo "2410"]
[PlyCount "59"]
[EventDate "2024.09.25"]
[EventType "swiss"]
[EventCountry "ESP"]
[SourceTitle "playchess.com"]
[Source "ChessBase"]
[SourceQuality "1"]
[TimeControl "5400+30"]

1. e4 c6 2. d4 d5 3. e5 Bf5 4. Nf3 e6 5. c3 Nd7 6. Be2 a5 7. Nbd2 a4 8. Nf1 {[%emt 0:00:17] White is slightly better.} Ne7 9. Ng3 Bg4 10. O-O Nf5 11. Ng5 Bxe2 12. Qxe2 h6 {[%emt 0:02:37] [#] And now ...Nxg3 would win.} 13. Nxf5 {[%emt 0:13:14][%cal Og5e6] Threatens to win with Nxe6!} hxg5 14. Ng3 g6 15. Qg4 Be7 16. f4 Rh4 17. Qf3 Qb6 18. Qf2 gxf4 19. Bxf4 O-O-O 20. Be3 Rh7 21. Qe2 Rdh8 22. h3 Qc7 (22... g5 $11) 23. Rf3 $14 {[%emt 0:04:32] White is more active.} Bh4 (23... f5 $14 {is superior.}) 24. Nf1 $16 Bd8 25. Nh2 f5 (25... a3 $16 {was necessary.}) 26. exf6 $18 Nxf6 (26... Bxf6 $142 27. Ng4 Bd8) 27. Bf4 Qf7 {[%emt 0:04:44] [#]} (27... Qb6 {was worth a try.} 28. Be5 (28. Qxe6+ Nd7 $18) 28... Ne4 29. Bxh8 Rxh8) 28. Be5 {[%emt 0:02:48] White is clearly winning.} Rh5 29. Raf1 Rf5 30. g4 {[%emt 0:00:07] Weighted Error Value: White=0.09 (flawless) /Black=0.29 (precise) .  Mistake:       	---       	Black=5      Inaccurate:     	White=2     	Black=3      OK:         	White=10    	Black=8      Best:        	White=1     	Black=2} 1-0

[Event "10th Iberoamericano-ch 2024"]
[Site "Linares"]
[Date "2024.10.01"]
[Round "9.2"]
[White "Flores Quillas, Diego Saul Rodri"]
[Black "Quesada Perez, Luis Ernesto"]
[Result "1/2-1/2"]
[Annotator "TA"]
[ECO "C41"]
[WhiteElo "2454"]
[BlackElo "2581"]
[PlyCount "86"]
[EventDate "2024.09.25"]
[EventType "swiss"]
[EventCountry "ESP"]
[SourceTitle "playchess.com"]
[Source "ChessBase"]
[SourceQuality "1"]
[TimeControl "5400+30"]

1. e4 d6 2. d4 Nf6 3. Nc3 e5 4. Nf3 Nbd7 5. Bc4 Be7 6. O-O O-O 7. h3 c6 8. a4 h6 9. Ba2 Re8 10. Re1 exd4 11. Nxd4 Bf8 {[%emt 0:00:30] [#]} 12. a5 $1 Nc5 13. f3 Ne6 14. Be3 Nxd4 15. Qxd4 Be6 {[%emt 0:00:06] [#]} 16. a6 $1 b5 (16... b6 17. Bxe6) 17. Bxe6 Rxe6 18. Qd2 Qc7 19. Ne2 Ree8 {[%emt 0:04:02] The position is equal.} 20. Nf4 {[%emt 0:05:57] [#]} d5 $1 21. exd5 Red8 22. Rad1 Nxd5 23. Nxd5 Rxd5 24. Qf2 Rxd1 25. Rxd1 c5 26. Qd2 Qb6 27. Qd5 Re8 28. Bf2 {[%emt 0:00:43] And now Qd7 would win.} Qxa6 29. Bxc5 Bxc5+ 30. Qxc5 $11 {[%emt 0:00:03][%mdl 4096] Endgame. KQR-KQR} Rc8 31. Qf5 g6 32. Qf4 h5 (32... Rxc2 $2 {perishes.} 33. Rd8+ Kg7 34. Qe5+ Qf6 35. Rg8+ (35. Qxb5 $2 {too greedy.} Qxd8 36. Qe5+ Qf6 $19) 35... Kxg8 36. Qxf6 $18) 33. c3 Qe6 34. h4 a5 35. Kh2 Qe7 36. Rd4 Kg7 37. Rd5 Rc4 38. Qe5+ Qxe5+ 39. Rxe5 b4 40. Rxa5 bxc3 41. bxc3 Rxc3 42. Ra4 Kf6 43. Kg3 Ke5 {An interesting draw.   Weighted Error Value: White=0.05 (flawless) /Black=0.04 (flawless) .  Inaccurate:     	White=4     	Black=1      OK:         	White=14    	Black=18     Best:        	White=2     	---} 1/2-1/2

[Event "10th Iberoamericano-ch 2024"]
[Site "Linares"]
[Date "2024.10.01"]
[Round "9.3"]
[White "Fier, Alexandr"]
[Black "Fernandez Guillen, Ernesto J."]
[Result "1-0"]
[Annotator "TA"]
[ECO "E98"]
[WhiteElo "2539"]
[BlackElo "2461"]
[PlyCount "77"]
[EventDate "2024.09.25"]
[EventType "swiss"]
[EventCountry "ESP"]
[SourceTitle "playchess.com"]
[Source "ChessBase"]
[SourceQuality "1"]
[TimeControl "5400+30"]

1. c4 Nf6 2. Nc3 g6 3. Nf3 Bg7 4. e4 d6 5. d4 O-O 6. Be2 e5 7. O-O Nc6 8. d5 Ne7 9. Ne1 Ne8 10. Nd3 f5 11. Bd2 Nf6 12. f3 f4 13. c5 g5 14. Rc1 Ng6 15. Nb5 Rf7 16. Ba5 {[%emt 0:00:28] [#] Hoping for cxd6.} b6 $1 17. cxd6 $1 {[%emt 0:00:03] White is slightly better.} bxa5 (17... cxd6 $14 18. Be1 g4) 18. dxc7 $16 Qf8 19. Nc5 {[%emt 0:00:05] aiming for Ne6.} a6 20. Ne6 Qe7 21. Nxg7 Kxg7 22. d6 Qf8 {[%emt 0:00:05] [#]} 23. Na3 {[%emt 0:01:12][%cal Bb5a3,Ba3c4,Bc4b6,Bb6d5,Bd5e7][%mdl 1056] White has strong compensation.} Ra7 24. Rc6 $36 {[%emt 0:02:58][%mdl 2048] White has strong initiative.} Rd7 25. Nc4 {[%emt 0:05:08][%cal Od1b3] Strongly threatening Qb3!} Ne8 26. Qc1 {[%emt 0:00:03] Rd1 would now be deadly. White has more active pieces. The black rooks are passive.} (26. Nxa5 Rxd6 (26... Nxd6 $2 27. Qc2 $19) 27. Rxd6 Nxd6 $17 (27... Qxd6 $2 28. Qxd6 Nxd6 29. Rc1 $19)) 26... Qf6 (26... Nxd6 $16 27. Nb6 (27. Nxa5 $2 Nb5 $19) 27... Rf7) 27. Rd1 $1 $18 {[%emt 0:03:06][%cal Oc4b6] And now Nb6! would win.} (27. Nxa5 $2 Rxd6 28. Rc3 Qf7 $19) 27... Raxc7 $2 (27... Ne7 {keeps fighting.} 28. Rb6 (28. dxe7 $2 Qxc6 29. g3 Raxc7 $19) 28... Rb7) 28. Rxc7 Nxc7 29. Nb6 (29. dxc7 Rxc7 30. Qd2 g4 $16) 29... Ne6 30. Qxc8 {[%emt 0:03:03] Black is weak on the light squares} (30. Nxc8 Nd4 31. Bxa6 g4 $16) 30... Rd8 31. Qb7+ (31. Qxa6 Nd4 $18) 31... Kh6 (31... Kh8 $142 32. Nd5 (32. Qxa6 Nd4 $18) (32. Bxa6 g4 $18) 32... Qg7) 32. Nd5 (32. Qxa6 Nd4 33. Nd5 Qxd6 $14) (32. Bxa6 Nc5 33. Qa7 Nxa6 $11) 32... Qg7 33. Ne7 ({Not} 33. Bxa6 Qxb7 34. Bxb7 Nc5 $18) 33... Nh4 34. Qb6 Rd7 35. Qc6 Rd8 36. g3 g4 37. fxg4 (37. gxh4 {is a self mate.} gxf3+) 37... Nd4 38. Rxd4 exd4 39. gxh4 {[%emt 0:00:20] Black got outplayed after the opening.   Weighted Error Value: White=0.08 (flawless) /Black=0.49.  Mistake:       	---       	Black=4      OK:         	White=5     	Black=6      Best:        	White=6     	Black=2      Strong:       	White=2     	Black=1} 1-0

[Event "10th Iberoamericano-ch 2024"]
[Site "Linares"]
[Date "2024.10.01"]
[Round "9.4"]
[White "Avila Pavas, Santiago"]
[Black "Garrido Outon, Alex"]
[Result "1-0"]
[Annotator "TA"]
[ECO "D02"]
[WhiteElo "2501"]
[BlackElo "2448"]
[PlyCount "77"]
[EventDate "2024.09.25"]
[EventType "swiss"]
[EventCountry "ESP"]
[SourceTitle "playchess.com"]
[Source "ChessBase"]
[SourceQuality "1"]
[TimeControl "5400+30"]

1. d4 d5 2. Nf3 Nf6 3. Bf4 e6 4. e3 Bd6 5. Nbd2 O-O 6. Bd3 b6 7. Ne5 Ba6 8. Bxa6 {[%emt 0:01:14] The position is equal.} Nxa6 9. h4 c5 10. h5 Qc7 11. c3 {[%emt 0:06:02] Repels Nb4} Nb8 12. Qf3 Nfd7 (12... cxd4 {simplifies} 13. exd4 Nfd7 14. Nxd7 Nxd7 15. Bxd6 Qxd6 16. h6 g6) 13. Qg3 {[%emt 0:13:26] h6 is the strong threat.} f6 {[%emt 0:11:40] [#] White leaves nothing to chance now.} ({Better is} 13... Bxe5 $14 14. dxe5 c4) 14. h6 $1 $16 {[%emt 0:11:49][%csl Gh6][%cal Rg3g7] White is much more active.} g5 (14... Nxe5 $16 15. dxe5 fxe5 16. hxg7 Re8) 15. Ndf3 $18 {[%emt 0:03:48][%cal Of3g5] Black must now prevent Nxg5!} Nxe5 (15... Kh8 $142) 16. dxe5 fxe5 17. Qxg5+ Kh8 18. Bxe5+ ({But not} 18. Nxe5 $6 Rf5 19. Qh4 (19. Qg7+ Qxg7 20. hxg7+ Kxg7 $16) 19... Nc6 $16 (19... Bxe5 $2 20. Bxe5+ Rxe5 21. Qf6+ Kg8 22. Rh4 $18)) 18... Bxe5 19. Qxe5+ Qxe5 20. Nxe5 a5 {[%emt 0:02:19] Black is weak on the dark squares} (20... c4 $142 21. f4 Na6) 21. Ke2 Ra7 22. Rad1 Nd7 23. Nxd7 Rxd7 {[%emt 0:00:01][%mdl 4096] Endgame. KRR-KRR} 24. Rh5 b5 25. f4 c4 26. g4 b4 (26... Rf6 {might work better.} 27. a3 Rd8) 27. Re5 Rd6 28. g5 Kg8 29. Kf3 Rf5 (29... Kf7 {was called for.} 30. Kg4 Rc8) 30. Rd4 Rxe5 31. fxe5 {[%emt 0:00:03][%cal Bf4e5,Be5e6,Be6e7][%mdl 32] KR-KR} Rb6 32. e4 Rb5 (32... bxc3 33. bxc3 (33. exd5 $2 {loses.} cxb2 34. dxe6 Rxe6 $19) 33... dxe4+ 34. Kxe4 Kf7 35. Rd7+ (35. Rxc4 Kg6 $18) 35... Kg6) 33. exd5 (33. Kf4 $142) 33... exd5 34. Rf4 a4 35. e6 {[%emt 0:01:01] Intending e7 and mate.} a3 36. bxa3 (36. e7 $142 Rb8 37. bxa3) 36... b3 37. axb3 (37. e7 $142 Rb8 38. axb3 Re8 39. Rf8+ (39. bxc4 Rxe7 40. cxd5 Rd7 $18) 39... Rxf8+ 40. exf8=Q+ Kxf8 41. bxc4 Kg8 42. cxd5) 37... cxb3 38. e7 Rb8 {[%emt 0:00:01] [#]} 39. g6 $1 {[%emt 0:01:18] Weighted Error Value: White=0.18 (very precise) /Black=0.81.  Mistake:       	White=1     	Black=7      Inaccurate:     	White=1     	Black=1      OK:         	White=11    	Black=6      Best:        	White=2     	---        Strong:       	White=1     	---} 1-0

[Event "10th Iberoamericano-ch 2024"]
[Site "Linares"]
[Date "2024.10.01"]
[Round "9.5"]
[White "Vallejo Pons, Francisco"]
[Black "Oro, Faustino"]
[Result "1/2-1/2"]
[Annotator "TA"]
[ECO "C67"]
[WhiteElo "2653"]
[BlackElo "2434"]
[PlyCount "86"]
[EventDate "2024.09.25"]
[EventType "swiss"]
[EventCountry "ESP"]
[SourceTitle "playchess.com"]
[Source "ChessBase"]
[SourceQuality "1"]
[TimeControl "5400+30"]

1. e4 e5 2. Nf3 Nc6 3. Bb5 Nf6 4. O-O Nxe4 5. d4 Nd6 6. Bxc6 dxc6 7. dxe5 Nf5 8. Qxd8+ Kxd8 9. h3 Ke8 10. Nc3 h5 11. b3 Be7 12. Bb2 Nh4 13. Nd4 Nf5 14. Nf3 Be6 15. Ne2 Rd8 16. Rad1 c5 17. Nf4 g5 18. Nxe6 fxe6 19. g3 Kf7 20. Kg2 Kg6 ({But not} 20... g4 $6 21. hxg4 hxg4 22. Nh2 $16) 21. g4 Nh6 22. Kg3 Rhf8 23. Bc1 Nf7 24. c4 b6 25. Bb2 hxg4 26. hxg4 Rh8 27. Ng1 $1 Rxd1 28. Rxd1 Rd8 {[%emt 0:00:09] Repels Rd7} 29. Rxd8 Nxd8 $11 {[%emt 0:00:13][%mdl 4096] Endgame. KBN-KBN} 30. Kf3 Nc6 31. Bc3 a6 32. Ke4 Bf8 33. Nh3 Bh6 34. f3 Nd8 35. Be1 Nc6 36. Bd2 {[%emt 0:07:40] The position is equal.} Ne7 37. f4 gxf4 38. Bxf4 Bxf4 39. Nxf4+ {[%emt 0:01:10] KN-KN} Kf7 40. g5 {[%emt 0:04:13] [#] Kf3 is the strong threat.} Ng6 41. Ng2 Nf8 42. Nf4 Ng6 $1 43. Ng2 Nf8 {[%emt 0:00:10] Weighted Error Value: White=0.05 (flawless) /Black=0.04 (flawless) .  Inaccurate:     	White=1     	Black=2      OK:         	White=11    	Black=13     Best:        	---       	Black=3      Strong:       	White=1     	Black=1} 1/2-1/2

[Event "10th Iberoamericano-ch 2024"]
[Site "Linares"]
[Date "2024.10.01"]
[Round "9.6"]
[White "Henriquez Villagra, Cristobal"]
[Black "Leiva, Gianmarco"]
[Result "1-0"]
[Annotator "TA"]
[ECO "A07"]
[WhiteElo "2604"]
[BlackElo "2374"]
[PlyCount "75"]
[EventDate "2024.09.25"]
[EventType "swiss"]
[EventCountry "ESP"]
[SourceTitle "playchess.com"]
[Source "ChessBase"]
[SourceQuality "1"]
[TimeControl "5400+30"]

1. Nf3 d5 2. g3 Bg4 3. Bg2 c6 4. O-O Nd7 5. d4 e6 6. h3 Bh5 {[%emt 0:09:36] [#]} 7. c4 $1 Ngf6 (7... Be7 8. Qb3) 8. cxd5 {[%emt 0:01:13] White has an edge.} cxd5 9. Nc3 Be7 10. Qb3 Qb6 11. Qxb6 Nxb6 12. g4 Bg6 13. Ne5 Rc8 14. Bf4 Nc4 15. Rfc1 O-O 16. b3 ({Better is} 16. Nb5 $1 $14) 16... Nxe5 17. dxe5 Nd7 18. Nb5 {[%emt 0:04:09] Repels Ba3} Bc5 19. a3 Rc6 20. b4 $36 {[%emt 0:06:50][%mdl 2048] White has some pressure.} Bb6 21. a4 {[%emt 0:00:03] Black should prevent a5.} a5 22. bxa5 Bxa5 23. Nd6 Rb8 24. e4 dxe4 25. h4 {[%emt 0:02:56][%cal Bh3h4,Bh4h5][%mdl 32] aiming for h5.} (25. Nxe4 {simplifies} Bxe4 26. Bxe4 Rxc1+ 27. Rxc1 Nb6 28. Rc5) 25... Bc3 {[%emt 0:02:21] [#]} (25... h6 $11) 26. h5 $1 Bxa1 (26... Nxe5 $2 27. Rxc3 (27. Nxe4 $2 Bxa1 28. Rxa1 Bxe4 $19) 27... Nf3+ 28. Bxf3 (28. Rxf3 exf3 29. Bxf3 Rc3 $18) 28... Rxc3 29. Bg2 $18 (29. Bxe4 Bxe4 30. Nxe4 Rc4 $18) (29. Nb5 exf3 30. Nxc3 Rc8 $18)) 27. Rxa1 Nc5 28. hxg6 $16 {[%emt 0:03:12] White is more active.} hxg6 29. Nxe4 ({Not} 29. Bxe4 Rxd6 30. exd6 Nxe4 $11) 29... Nxe4 30. Bxe4 Rc4 31. f3 b5 $2 {[%emt 0:00:07][%mdl 8192] This costs Black the game.} (31... Rb4 $16 32. a5 Rb2) 32. a5 $18 {[%emt 0:01:52][%cal Ba4a5,Ba5a6,Ba6a7][%mdl 32] White is clearly winning.} Ra4 33. Rxa4 bxa4 34. a6 a3 35. a7 Ra8 36. Bxa8 {[%emt 0:00:05] Threatening mate with Be4.} a2 37. Be3 {[%emt 0:00:14] White threatens Bd4 and mate.} a1=Q+ 38. Kg2 {[%emt 0:00:07] Weighted Error Value: White=0.07 (flawless) /Black=0.21 (precise) .  Loses game:     	---       	Black=1      Mistake:       	White=1     	Black=2      Inaccurate:     	---       	Black=3      OK:         	White=14    	Black=11     Best:        	White=1     	---} 1-0

[Event "10th Iberoamericano-ch 2024"]
[Site "Linares"]
[Date "2024.10.01"]
[Round "9.7"]
[White "Iturrizaga Bonelli, Eduardo"]
[Black "Ladron De Guevara Pinto, Paolo"]
[Result "1-0"]
[Annotator "TA"]
[ECO "D35"]
[WhiteElo "2577"]
[BlackElo "2388"]
[PlyCount "63"]
[EventDate "2024.09.25"]
[EventType "swiss"]
[EventCountry "ESP"]
[SourceTitle "playchess.com"]
[Source "ChessBase"]
[SourceQuality "1"]
[TimeControl "5400+30"]

1. c4 e6 2. Nc3 d5 3. d4 Nf6 4. cxd5 exd5 5. Bg5 Be7 6. e3 h6 7. Bh4 Bg4 8. Nge2 c6 9. f3 {[%emt 0:06:16][%cal Oh4f6] [#] aiming for Bxf6!} Bf5 {[%emt 0:01:04] The position is equal.} 10. Bf2 h5 11. Ng3 Bg6 12. Bd3 Bxd3 13. Qxd3 g6 {[%emt 0:00:04] Repels Nf5} 14. h3 Nbd7 15. O-O Nf8 16. e4 h4 17. Nge2 Ne6 18. Rfe1 Qd7 19. Qe3 g5 {[%emt 0:33:51] Dodges Nf4} 20. exd5 Nxd5 21. Nxd5 Qxd5 22. Nc3 Qf5 23. Rad1 $36 {[%emt 0:00:42][%mdl 2048] [#] Hoping for d5. White fights for an advantage.} O-O $1 24. d5 Bc5 25. Qd2 (25. Qc1 {with more complications.} Bxf2+ 26. Kxf2 Nf4 27. dxc6 Qc5+ 28. Qe3) 25... Bxf2+ 26. Qxf2 Nf4 27. dxc6 bxc6 ({But not} 27... Nd3 $2 28. Rxd3 Qxd3 29. cxb7 $18) 28. Ne4 a5 (28... Rfd8 $14 {is superior.}) 29. Qc2 $16 Rfd8 30. Qxc6 Rac8 (30... Ne6 $16 31. Kh1 Rab8) 31. Rxd8+ $18 Rxd8 32. Qh6 {[%emt 0:00:12] Weighted Error Value: White=0.03 (flawless) /Black=0.22 (precise) .  Loses game:     	---       	Black=1      Mistake:       	---       	Black=1      Inaccurate:     	---       	Black=1      OK:         	White=14    	Black=10     Best:        	White=1     	Black=2      Strong:       	---       	Black=1} 1-0

[Event "10th Iberoamericano-ch 2024"]
[Site "Linares"]
[Date "2024.10.01"]
[Round "9.8"]
[White "Gines Esteo, Pedro Antonio"]
[Black "Moral Garcia, Serafin"]
[Result "1-0"]
[Annotator "RC"]
[ECO "A35"]
[WhiteElo "2477"]
[BlackElo "2295"]
[PlyCount "149"]
[EventDate "2024.09.25"]
[EventType "swiss"]
[EventCountry "ESP"]
[SourceTitle "playchess.com"]
[Source "ChessBase"]
[SourceQuality "1"]
[TimeControl "5400+30"]

1. Nf3 Nf6 2. c4 c5 3. Nc3 Nc6 4. e3 e5 5. d4 cxd4 6. exd4 e4 7. Ne5 Bb4 8. a3 Bxc3+ 9. bxc3 O-O 10. Be2 d6 11. Nxc6 bxc6 12. Bg5 Qa5 13. Qc1 h6 14. Bxf6 gxf6 15. h4 Rb8 16. O-O Kg7 17. Qe3 Rb3 18. Qxe4 Qxc3 19. Rfc1 Qd2 20. Rd1 f5 21. Qe7 Qf4 22. Ra2 Rb7 23. Qe3 Qxh4 24. Bf3 Re7 25. Qc3 Qf6 26. Bxc6 Rc7 27. Bd5 Kh7 28. Qd3 Be6 29. Bxe6 fxe6 30. Re2 e5 31. dxe5 dxe5 32. Qd5 e4 33. c5 Re8 34. Rc2 Qe5 35. Qxe5 Rxe5 36. c6 Kg6 37. Rd6+ Kg5 38. Rc4 Rb5 39. Kf1 h5 40. a4 Rb1+ 41. Ke2 Rb2+ 42. Ke1 Rb1+ 43. Kd2 Rb6 44. Rc5 Kg4 45. Rg6+ Kf4 46. Rf6 Kg4 47. Rg6+ Kf4 48. Rf6 Kg4 49. Rfxf5 Rbxc6 50. Rg5+ Kh4 51. Rxh5+ Kg4 52. Rhg5+ Kh4 53. Rxc6 Rxc6 54. Re5 Rc4 55. Ke3 Rc3+ 56. Kxe4 Rc2 57. Kf3 Rc3+ 58. Re3 Rc2 59. Re4+ Kg5 60. Re5+ Kf6 61. Ra5 Rc7 62. g4 Kg6 63. Kf4 Rc4+ 64. Kg3 Rc3+ 65. f3 Rc7 66. Ra6+ Kg7 67. f4 Rc3+ 68. Kh4 Rc7 69. Kg5 Rb7 70. f5 Rc7 71. Kh5 Rb7 72. g5 Rc7 73. f6+ Kh7 74. g6+ Kg8 75. Re6 1-0

[Event "10th Iberoamericano-ch 2024"]
[Site "Linares"]
[Date "2024.10.01"]
[Round "9.9"]
[White "Mingarro Carceller, Sergi"]
[Black "Salinas Herrera, Pablo"]
[Result "0-1"]
[Annotator "TA"]
[ECO "C54"]
[WhiteElo "2273"]
[BlackElo "2472"]
[PlyCount "54"]
[EventDate "2024.09.25"]
[EventType "swiss"]
[EventCountry "ESP"]
[SourceTitle "playchess.com"]
[Source "ChessBase"]
[SourceQuality "1"]
[TimeControl "5400+30"]

1. e4 e5 2. Nf3 Nc6 3. Bc4 Bc5 4. c3 Nf6 5. d3 d6 6. O-O a5 7. Re1 O-O 8. h3 Ba7 {[%emt 0:00:04] The position is equal.} 9. Bb3 Be6 10. Bc2 Ne7 11. d4 Ng6 12. Nbd2 Nh5 13. Nf1 Nhf4 14. Ng3 f6 15. Be3 Qd7 {[%emt 0:00:09][%cal Oe6h3] Hoping for ...Bxh3!} 16. Nf5 c6 (16... Kh8 $14) 17. Qd2 (17. dxe5 $1 $16 dxe5 18. Qxd7 Bxd7 19. Red1) 17... d5 {[%emt 0:07:58] aiming for ...dxe4.} (17... Nd5 $5) 18. dxe5 fxe5 {[%emt 0:00:14] ...dxe4 would now be deadly.} 19. Bxa7 Rxa7 20. Rad1 Raa8 21. Ng5 $2 {[%emt 0:01:32][%mdl 8192] [#] Loses the game.} (21. Nxe5 $15 Nxh3+ 22. gxh3 Nxe5 23. Qf4) 21... Bxf5 $1 $19 22. exf5 Rxf5 23. Bxf5 Qxf5 24. Nf3 {[%emt 0:00:33] [#]} Nxh3+ 25. Kf1 $2 (25. gxh3 {was forced.} Qxf3 26. Qe3) 25... Nhf4 26. Nxe5 (26. Nh2) 26... Nxe5 {[%emt 0:00:13] A dynamic duo of knights.} 27. Qe3 Ned3 {[%emt 0:01:25] Weighted Error Value: White=0.87/Black=0.27 (precise) .  Loses game:     	White=1     	---        Mistake:       	White=3     	Black=2      Inaccurate:     	White=3     	Black=1      OK:         	White=6     	Black=4      Strong:       	---       	Black=1} 0-1

[Event "10th Iberoamericano-ch 2024"]
[Site "Linares"]
[Date "2024.10.01"]
[Round "9.10"]
[White "Jimenez Garcia, Emmanuel"]
[Black "Lopez Martinez, Josep Manuel"]
[Result "1/2-1/2"]
[Annotator "TA"]
[ECO "A46"]
[WhiteElo "2361"]
[BlackElo "2464"]
[PlyCount "139"]
[EventDate "2024.09.25"]
[EventType "swiss"]
[EventCountry "ESP"]
[SourceTitle "playchess.com"]
[Source "ChessBase"]
[SourceQuality "1"]
[TimeControl "5400+30"]

1. d4 Nf6 2. Nf3 e6 3. g3 c5 4. Bg2 cxd4 5. O-O d5 6. Nxd4 e5 7. Nb3 Be6 8. Bg5 Nbd7 $1 {[%emt 0:00:29] [#]} 9. e4 $1 dxe4 10. Nc3 Qc7 11. Nxe4 (11. Bxe4 Nxe4 12. Nxe4 h6 $17) 11... Nxe4 12. Bxe4 h6 13. Bd2 O-O-O 14. Qf3 g6 {[%emt 0:00:43] Inhibits Bf5.} (14... Nc5 $11) 15. Ba5 b6 16. Bc3 Bg7 17. Rfd1 Kb8 (17... f5 $11 {deserves consideration.} 18. Bd5 e4) 18. Bd5 $14 {[%emt 0:02:47] Strongly threatening Bxe6.} Nf8 19. a4 {[%emt 0:02:19] Threatens to win with a5.} Bxd5 $1 20. Rxd5 Ne6 21. Rb5 (21. Rad1 {simplifies} Rxd5 22. Rxd5 Rc8 23. Qe3) 21... Ng5 (21... Rhe8 $1 $11 {feels stronger.}) 22. Qg2 $1 Qb7 23. f4 (23. Nc5 $16 Nf3+ (23... bxc5 24. Qxb7#) 24. Kh1) 23... Nf3+ $11 24. Kf2 Nd4 (24... a6 $2 25. Na5 (25. Nc5 Qc6 $18) 25... Qc7 26. Qxf3 $18) 25. Qxb7+ (25. Bxd4 {simplifies} exd4 26. Qxb7+ Kxb7 27. Rd1) 25... Kxb7 26. Bxd4 exd4 27. Re1 Rhe8 {[%emt 0:00:19] Repels Re7+} 28. Nc5+ Kc6 29. Nd3 Rc8 30. Nb4+ Kc7 31. a5 Bf8 32. Rxe8 Rxe8 33. axb6+ axb6 {[%emt 0:00:03][%mdl 4096] Endgame. KRB-KRN} 34. Nd3 Bd6 {[%emt 0:07:57] Against Re5} 35. Rb3 Kc6 36. Nc1 Ra8 37. Rd3 Bc5 38. Ke2 Ra1 39. Rd1 Kd5 40. Nd3 Ra8 41. Kd2 Bd6 42. Re1 f5 43. h4 Rg8 44. Ne5 g5 45. Nd7 Kc6 46. Ne5+ Kd5 47. Nd7 Rd8 48. Nf6+ (48. Nxb6+ Kc6 49. Nc4 Bb4+ (49... gxf4 $2 50. Nxd6 Kxd6 51. gxf4 $18) 50. c3 dxc3+ 51. Kc2 cxb2 $17) 48... Kc6 $1 {[%emt 0:00:22] aiming for ...Bb4+.} 49. Re6 (49. fxg5 Bb4+ (49... Bxg3 $2 {perishes.} 50. Re6+ Kc7 51. Kd3 $18) 50. Kd1 Bxe1 51. Kxe1 hxg5 52. hxg5 Kd6 $19) 49... gxh4 50. gxh4 Kb5 51. Kd3 (51. Nh5 $1 $14 d3 52. cxd3 (52. Rxh6 dxc2 53. Kxc2 Ka4 $14)) 51... Bxf4 52. Nh5 Bc1 53. Ng3 f4 54. Ne2 Be3 {[%emt 0:00:05] ...f3 is the strong threat.} 55. Rf6 Kc5 (55... Rd5 $11) 56. Nxf4 $14 Bxf4 {[%emt 0:00:54] [#]} 57. Rxf4 {[%emt 0:00:04] KR-KR} (57. Rf5+ $1 $16 Rd5 58. Rxf4) 57... Rd5 $1 $11 58. b3 h5 59. Rf8 Kb5 (59... Kb4 $11) 60. Rg8 ({White should try} 60. Ra8 $16) 60... Kb4 $1 61. Rg6 Kc5 $1 62. Rg8 Rf5 {[%emt 0:02:29] Against Rf8} 63. Rg5 Rxg5 {[%emt 0:00:22] The position is equal.} 64. hxg5 {[%emt 0:00:02][%cal Bh4g5,Bg5g6][%mdl 32] K3P-K3P} Kd5 65. g6 Ke6 {[%emt 0:00:04] And now ...h4 would win.} 66. Kxd4 (66. g7 $5 Kf7 $8 67. Kxd4 $11) 66... Kf6 67. c4 h4 68. Ke4 h3 {[%emt 0:00:07][%cal Oh3h2] ( -> ...h2!)} 69. Kf3 {[%emt 0:00:04] Threatening mate with b4.} Kxg6 (69... h2 $5 70. Kg2 $8 Kxg6 $11) 70. b4 {[%emt 0:00:51] Weighted Error Value: White=0.12 (very precise) /Black=0.12 (very precise) .  Mistake:       	White=4     	Black=5      Inaccurate:     	White=4     	Black=6      OK:         	White=30    	Black=19     Best:        	White=2     	Black=8      Strong:       	White=1     	Black=6} 1/2-1/2